 Dungeon Crawl Stone Soup version 0.30-a0-778-g2ef04afb54 (webtiles) character file.

Game seed: 848748360844704621

128 Pimp the Ducker (level 5, -3/39 HPs)
             Began as a Djinni Gladiator on Feb 16, 2023.
             Slain by a black bear (7 damage)
             ... on level 4 of the Dungeon.
             The game lasted 00:06:32 (3052 turns).

Pimp the Ducker (Djinni Gladiator)                  Turns: 3052, Time: 00:06:33

Health: -3/39      AC:  4    Str: 11 (13) XL:     5   Next: 33%
Gold:   149        EV: 11    Int:  7 (9)  God:
                   SH: 12    Dex: 15 (17)

rFire   + + .      SeeInvis .    a - +1 long sword
rCold   x . .      Faith    .    f - +0 kite shield
rNeg    . . .      Spirit   .    b - +0 leather armour
rPois   ∞          Reflect  +    c - +0 helmet
rElec   .          Harm     .    (no cloak)
rCorr   .          Rampage  .    (no gloves)
Will    .....                    (boots unavailable)
Stlth   +                        j - amulet of reflection
HPRegen 0.26/turn                (no ring)
MPRegen 0.00/turn                (no ring)

@: flying, hasted, very quick
A: sickness immunity, fire resistance 2, cold vulnerability 1, float, innate
caster, HP casting, extra vitality 1
a: no special abilities


You were on level 4 of the Dungeon.
You visited 1 branch of the dungeon, and saw 4 of its levels.

You collected 149 gold pieces.

Inventory:

Hand Weapons
 a - a +1 long sword (weapon)
Missiles
 d - 3 throwing nets (quivered)
 e - a javelin
 k - 3 datura-tipped darts
Armour
 b - a +0 leather armour (worn)
 c - a +0 helmet (worn)
 f - a +0 kite shield (worn)
Jewellery
 j - an amulet of reflection (around neck)
Wands
 g - a wand of quicksilver (7)
Scrolls
 i - a scroll of teleportation
 l - 2 scrolls of identify


   Skills:
 + Level 2.3 Fighting
 + Level 3.7 Long Blades
 + Level 1.7 Throwing
 + Level 1.0 Armour
 + Level 3.9 Dodging
 + Level 0.9 Shields
 * Level 1.2 Spellcasting


You had 3 spell levels left.
You knew the following spells:

 Your Spells              Type           Power      Damage    Failure   Level
a - Beastly Appendage     Tmut           4%         N/A       75%         1
b - Searing Ray           Conj           4%         2d4       87%         2
Your spell library was empty.

Dungeon Overview and Level Annotations

Branches:
Dungeon (4/15)
 Temple: D:4-7

Altars:


Innate Abilities, Weirdness & Mutations

You are immune to sickness and miasma.
You are immune to poison.
Your flesh is very heat resistant. (rF++)
You are vulnerable to cold. (rC-)
You float through the air rather than walking.
You learn spells naturally, not from books.
Your magical power is your life essence.
You have superior vitality. (+4 MHP)


Message History

You barely miss the black bear.
The black bear is moderately wounded.
The black bear bites you. You block the black bear's attack. x2
You feel yourself speed up. The black bear bites you.
* * * LOW HITPOINT WARNING * * *
The black bear barely misses you. You block the black bear's attack.
You hit the black bear but do no damage.
The black bear is moderately wounded.
You block the black bear's attack. x2; The black bear barely misses you.
You closely miss the black bear.
The black bear is moderately wounded.
The black bear closely misses you. The black bear misses you.
The black bear claws you but does no damage.
You hit the black bear.
The black bear is moderately wounded.
The black bear closely misses you. You block the black bear's attack. x2
The jelly jiggles.
You closely miss the black bear.
The black bear is moderately wounded.
You block the black bear's attack. The black bear closely misses you.
You block the black bear's attack.
You slash the black bear!
The black bear is severely wounded.
The black bear goes berserk!
You hit the black bear.
The black bear is almost dead.
The black bear bites you. You block the black bear's attack.
The black bear claws you but does no damage.
You closely miss the black bear.
The black bear is almost dead.
The black bear barely misses you. The black bear misses you.
You block the black bear's attack. The black bear bites you.
* * * LOW HITPOINT WARNING * * *
The black bear claws you.
* * * LOW HITPOINT WARNING * * *
The black bear claws you but does no damage.
You hit the black bear but do no damage.
The black bear is almost dead.
The black bear bites you!
You die...

##### #[... #.#.# #.#.#
#.#.# # #.#@# ###.#
######.#h##....#
#########.......J..J#
.....)....####.#.......#
########### #.#######.#
#.. .# ########### ####
..........# #########.#


You could see a black bear (berserk) and a jelly.

Vanquished Creatures
  Jessica (D:3)
  An adder (D:2)
  An ufetubus (D:3)
  3 worms
  2 dart slugs
  3 orcs
  5 ball pythons
  5 bats
  6 endoplasms
  5 giant cockroaches
  3 hobgoblins
  4 jackals (D:1)
  9 kobolds
  2 quokkas
  5 frilled lizards
  6 goblins
  6 rats
67 creatures vanquished.

Notes
Turn   | Place    | Note
-------+----------+-------------------------------------------
     0 | D:1      | Pimp the Djinni Gladiator began the quest for the Orb.
     0 | D:1      | Reached XP level 1. HP: 18/18 MP: 0/0
    82 | D:1      | Reached XP level 2. HP: 23/23 MP: 0/0
   364 | D:1      | Reached XP level 3. HP: 28/28 MP: 0/0
   364 | D:1      | Learned a level 1 spell: Beastly Appendage
  1132 | D:2      | Reached XP level 4. HP: 29/33 MP: 0/0
  1831 | D:2      | Found a faded altar of an unknown god.
  1842 | D:2      | Found a faded altar of an unknown god.
  2333 | D:3      | Noticed Jessica
  2355 | D:3      | Killed Jessica
  2356 | D:3      | Reached skill level 1 in Spellcasting
  2356 | D:3      | Reached XP level 5. HP: 24/39 MP: 0/0
  2356 | D:3      | Learned a level 2 spell: Searing Ray
  2560 | D:3      | Reached skill level 1 in Armour
  3028 | D:4      | Noticed a black bear
  3052 | D:4      | Slain by a black bear

Illustrated notes

Levels and vault maps discovered:
D:1:      giann_horns, layout_basic, minmay_tromino_v7
D:2:      layout_loops_corners, hellmonk_ecumenical_altar_the_god_not_taken
D:3:      layout_rooms, hex_large, st_stairs_3, dk_noncrumbling_3, uniq_jessica
D:4:      layout_loops_ring, slow_altar_1

Skill      XL: |  1  2  3  4  5 |
---------------+----------------+-----
Long Blades    | 3 |  3.7
Spellcasting   | 1 |  1.2
Armour         | 1 |  1.0
Fighting       | |  2.3
Throwing       | |  1.7
Dodging        | |  3.9
Shields        | |  0.9

Action                     |  1- 3 |  4- 6 || total
---------------------------+-------+-------++-------
  Melee: Long sword        |   131 |   155 ||   286
         Punch             |       |     1 ||     1
  Throw: Throwing net      |       |     3 ||     3
         Javelin           |       |     1 ||     1
   Cast: Beastly Appendage |       |     1 ||     1
    Use: Potion            |       |     5 ||     5
         Scroll            |       |     7 ||     7
   Stab: Sleeping          |     1 |       ||     1
 Armour: Leather armour    |    51 |    46 ||    97
  Dodge: Dodged            |   116 |   103 ||   219
  Block: Other             |    46 |    37 ||    83
         Reflection        |     1 |     1 ||     2
         Kite shield       |       |    21 ||    21

Table legend: (Time is in decaauts)
 A = Elapsed time spent in this place.
 B = Non-inter-level travel time spent in this place.
 C = Inter-level travel time spent in this place.
 D = Time resting spent in this place.
 E = Time spent auto-exploring this place.
 F = Levels seen in this place.
 G = Mean time per level.
                   A        B        C        D        E       F      G
               +--------+--------+--------+--------+--------+-----+--------+
         Total |   3117 |   3017 |    100 |      0 |   2177 |   4 |  779.2 |
       Dungeon |   3117 |   3017 |    100 |      0 |   2177 |   4 |  779.2 |
               +--------+--------+--------+--------+--------+-----+--------+

Top non-repeatable levels by time:
     D:2: 1228 daAuts
     D:1: 902 daAuts
     D:3: 885 daAuts
     D:4: 101 daAuts
